 Dungeon Crawl Stone Soup version 0.28.0 (webtiles) character file.

Game seed: 239611806579290690

4 themarg the Chucker (level 1, -2/17 HPs)
             Began as a Gnoll Wanderer on Feb 7, 2022.
             Slain by a kobold (3 damage)
             ... on level 1 of the Dungeon.
             The game lasted 00:02:24 (308 turns).

themarg the Chucker (Gnoll Wanderer)                 Turns: 308, Time: 00:02:24

Health: -2/17      AC:  2    Str:  9    XL:     1   Next: 70%
Magic:  6/6        EV: 11    Int: 11    God:
Gold:   7          SH:  0    Dex: 13    Spells: 8/9 levels left

rFire   . . .      SeeInvis .   a - +0 dagger
rCold   . . .      Faith    .   (no shield)
rNeg    . . .      Spirit   .   d - +0 robe
rPois   .          Reflect  .   (no helmet)
rElec   .          Harm     .   (no cloak)
rCorr   .          Rampage  .   (no gloves)
Will    .....                   (no boots)
Stlth   ++........              (no amulet)
HPRegen 0.05/turn               (no ring)
MPRegen 0.10/turn               (no ring)

@: no status effects
A: fangs 1, strong nose, distributed training
a: no special abilities


You were on level 1 of the Dungeon.
You visited 1 branch of the dungeon, and saw 1 of its levels.

You collected 7 gold pieces.

Inventory:

Hand Weapons
 a - a +0 dagger (weapon)
Missiles
 b - 12 poisoned darts (quivered)
Armour
 d - a +0 robe (worn)
Scrolls
 e - a scroll of enchant weapon {unknown}
Potions
 c - a potion of curing


   Skills:
 + Level 2.4 Fighting
 + Level 0.1 Short Blades
 + Level 0.1 Long Blades
 + Level 0.1 Axes
 + Level 0.1 Maces & Flails
 + Level 0.1 Polearms
 + Level 0.1 Staves
 + Level 0.1 Slings
 + Level 0.1 Bows
 + Level 0.1 Crossbows
 + Level 6.4 Throwing
 + Level 0.1 Armour
 + Level 0.1 Dodging
 + Level 2.2 Stealth
 + Level 0.1 Shields
 + Level 2.4 Unarmed Combat
 + Level 4.9 Spellcasting
 + Level 0.1 Conjurations
 + Level 3.6 Hexes
 + Level 0.1 Summonings
 + Level 0.1 Necromancy
 + Level 0.1 Translocations
 + Level 0.1 Transmutations
 + Level 0.1 Fire Magic
 + Level 0.1 Ice Magic
 + Level 0.1 Air Magic
 + Level 0.1 Earth Magic
 + Level 0.1 Poison Magic
 + Level 0.2 Invocations
 + Level 0.1 Evocations


You had 8 spell levels left.
You knew the following spells:

 Your Spells              Type           Power      Damage    Failure   Level
a - Slow                  Hex            40%        N/A       4%          1

Your spell library contained the following spells:

 Spells                   Type           Power      Damage    Failure   Level
 Confusing Touch          Hex            10%        N/A       14%         3
 Inner Flame              Hex/Fire       6%         N/A       30%         3


Dungeon Overview and Level Annotations

Branches:
Dungeon (1/15)

Altars:


Innate Abilities, Weirdness & Mutations

You have very sharp teeth.
Your uncanny sense of smell can sniff out nearby items.
Your experience applies equally to all skills.


Message History

You hit the giant cockroach.
You kill the giant cockroach!
You start resting.
HP restored.
Found a robe.
You see here a +0 robe.
f - a +0 robe
Okay, then.
You drop a +0 robe.
Found 21 stones.
Found a stone staircase leading down.
Found a stone staircase leading down.
There is a stone staircase leading down here.
Found a dagger.
A kobold comes into view. It is wielding a +3 whip of freezing.
Casting: Slow (safe; 4% risk of failure)
Confirm with . or Enter, or press ? or * to list all spells.
Aiming: Slow (safe; 4% risk of failure)
Press: ? - help, Shift-Dir - straight line, f - kobold
Aim: a kobold, wielding a +3 whip of freezing (asleep, chance to affect: 66%)
The kobold shouts!
The kobold seems to slow down.
You hit the kobold but do no damage. Your bite misses the kobold.
The kobold barely misses you.
You completely miss the kobold. The kobold closely misses you.
You completely miss the kobold. Your bite misses the kobold.
You barely miss the kobold.
The kobold hits you with a +3 whip of freezing.
The kobold freezes you.
You hit the kobold.
The kobold is moderately wounded.
The kobold hits you with a +3 whip of freezing!
* * * LOW HITPOINT WARNING * * *
The kobold freezes you.
* * * LOW HITPOINT WARNING * * *
You completely miss the kobold.
The kobold is moderately wounded.
You closely miss the kobold.
The kobold is moderately wounded.
The kobold hits you with a +3 whip of freezing.
You die...

...................#####
.......................#
#.#..#####.........#####
#.#..# #...##.##.#
#.#..#####...##.##.#
...)............##.#
.................#.#####
.#.....................#
.##...#...#..##.@#######
#...#...#..##.K#
#...........#..# .
#...#...#..##..#
...........##..# ....
.... ##.#.


You could see a kobold (slow).

Vanquished Creatures
  A giant cockroach (D:1)
  A quokka (D:1)
  A frilled lizard (D:1)
  A goblin (D:1)
  A rat (D:1)
5 creatures vanquished.

Notes
Turn   | Place    | Note
-------+----------+-------------------------------------------
     0 | D:1      | themarg the Gnoll Wanderer began the quest for the Orb.
     0 | D:1      | themarg set off with the following items: a +0 dagger, 12
                  | poisoned darts, a potion of curing, a +0 robe; and the
                  | following spell memorised: Slow; and the following spells
                  | available to memorise: Confusing Touch, Inner Flame
     0 | D:1      | Reached XP level 1. HP: 17/17 MP: 6/6
   308 | D:1      | Slain by a kobold

Illustrated notes

Levels and vault maps discovered:
D:1:      zelgadis_glass_arrival_small, layout_basic,
          ebering_ecumenical_altar_rust

Action                   || total
-------------------------++-------
Melee: Dagger            ||    35
       Bite              ||     5
 Cast: Slow              ||     6
Armor: Robe              ||     3
Dodge: Dodged            ||    16
